 Dungeon Crawl Stone Soup version 0.23-a0-458-g93a6ea9 (webtiles) character file.

222716 Amnesiac the Imperceptible (level 18, -2/98 HPs)
             Began as a Spriggan Enchanter on Nov 25, 2018.
             Was a High Priest of Dithmenos.
             Splashed by an oklob plant's acid (17 damage)
             ... on level 4 of the Shoals.
             The game lasted 01:41:41 (37537 turns).

Amnesiac the Imperceptible (Spriggan Enchanter)    Turns: 37537, Time: 01:41:41

Health: -2/98      AC:  7    Str:  4    XL:     18   Next: 54%
Magic:  31/31      EV: 33    Int: 21    God:    Dithmenos [*****.]
Gold:   1410       SH: 14    Dex: 25    Spells: 1/33 levels left

rFire    + . .     SeeInvis +   a - +2 dagger (drain)
rCold    . . .     Gourm    .   c - +2 buckler
rNeg     + + +     Faith    .   L - +2 robe {rF+}
rPois    .         Spirit   .   O - +2 hat
rElec    +         Reflect  +   i - +2 cloak
rCorr    .         Harm     .   (gloves unavailable)
MR       +++..     Rnd*Tele +   (boots unavailable)
Stlth    ++++++++..             D - +3 amulet of reflection
HPRegen  0.26/turn              K - ring of Zeranaip {*Tele rElec rN+++ Dex+5}
MPRegen  0.22/turn              U - +4 ring of protection

@: corroded, wreathed by umbra, studying Necromancy, drained, slow
A: very small, unfitting armour, talons 1, slimy green scales 1, see invisible,
herbivore, speed 3, slow metabolism 2, MP-powered wands
}: 1/15 runes: gossamer
a: Shadow Step, Shadow Form, Renounce Religion


You were on level 4 of the Shoals.
You worshipped Dithmenos.
Dithmenos was extremely pleased with you.
You were not hungry.

You visited 5 branches of the dungeon, and saw 31 of its levels.
You also visited: Sewer, Bailey, Ice Cave and Volcano.

You collected 2821 gold pieces.
You spent 1411 gold pieces at shops.

Inventory:

Hand Weapons
 a - a +2 dagger of draining (weapon)
 P - a +0 blowgun
 S - a +0 short sword of distortion
 Z - the +8 demon whip of Conscience {freeze, -Tele Str+5 Int+2}
   (You acquired it on level 2 of the Lair of Beasts)

   It has been specially enchanted to freeze those struck by it, causing extra
   injury to most foes and up to half again as much damage against particularly
   susceptible opponents.
   It can also slow down cold-blooded creatures.
   It affects your strength (+5).
   It affects your intelligence (+2).
   It prevents most forms of teleportation.
Missiles
 m - 12 throwing nets (quivered)
 R - 13 curare-tipped needles
Armour
 c - a +2 buckler (worn)
 i - a +2 cloak (worn)
 H - a +2 cloak of invisibility
 L - a +2 robe of fire resistance (worn)
 O - a +2 hat (worn)
Jewellery
 u - an uncursed amulet of regeneration
 B - a +5 ring of intelligence
 D - a +3 amulet of reflection (around neck)
 K - the ring of Zeranaip (left hand) {*Tele rElec rN+++ Dex+5}
   (You found it on level 6 of the Lair of Beasts)

   [ring of teleportation]

   It may teleport you next to monsters.
   It affects your dexterity (+5).
   It insulates you from electricity.
   It renders you almost immune to negative energy.
 U - a +4 ring of protection (right hand)
 Y - an uncursed ring of ice
Wands
 t - a wand of scattershot (1)
 E - a wand of disintegration (14)
 G - a wand of enslavement (19)
 I - a wand of digging (3)
 M - a wand of acid (13)
 T - a wand of paralysis (23)
 X - a wand of iceblast (8)
Scrolls
 f - 16 scrolls of remove curse {!r}
 h - 6 scrolls of fear {!r}
 j - a scroll of enchant armour {!r}
 l - 11 scrolls of fog {!r}
 o - 4 scrolls of amnesia {!r}
 q - 19 scrolls of teleportation {!r}
 w - 7 scrolls of magic mapping {!r}
 y - 10 scrolls of blinking {!r}
 C - 8 scrolls of enchant weapon {!r}
 N - a scroll of vulnerability {!r}
 Q - 2 scrolls of brand weapon {!r}
 V - 7 scrolls of identify {!r}
Potions
 e - 8 potions of might {!q}
 g - 6 potions of mutation {!q}
 k - 11 potions of heal wounds {!q}
 n - 8 potions of magic {!q}
 p - 6 potions of brilliance {!q}
 r - 3 potions of curing {!q}
 s - 5 potions of haste {!q}
 v - 4 potions of cancellation {!q}
 x - 5 potions of agility {!q}
 A - 4 potions of resistance {!q}
Books
 W - a manual of Necromancy
Miscellaneous
 b - a lightning rod (4/4)
 z - a lamp of fire
 F - a sack of spiders
 J - 2 phantom mirrors
Comestibles
 d - 37 rations


   Skills:
 * Level 12.0(11.4) Fighting
 - Level 10.0(9.5) Short Blades
 + Level 14.1(13.5) Dodging
 - Level 25.0(24.3) Stealth
 - Level 7.2(6.7) Shields
 - Level 8.0(7.5) Spellcasting
 - Level 12.0(11.5) Hexes
 - Level 10.0(9.4) Necromancy
 - Level 12.0(11.4) Invocations
 - Level 8.0(7.5) Evocations


You had one spell level left.
You knew the following spells:

 Your Spells              Type           Power        Failure   Level  Hunger
a - Ensorcelled Hibernat  Hex/Ice        ####..       1%          2    None
b - Corona                Hex            ######.      1%          1    None
c - Mephitic Cloud        Conj/Pois/Air  #.......     26%         3    None
d - Dazzling Spray        Conj/Hex       ####..       2%          3    None
e - Confuse               Hex            ######..     1%          3    None
f - Apportation           Tloc           #.....       9%          1    None
g - Borgnjor's Vile Clut  Necr/Erth      ####......   34%         5    #####..
h - Silence               Hex/Air        ####......   22%         5    #####..
s - Conjure Flame         Conj/Fire      #.......     26%         3    None
v - Blink                 Tloc           N/A          13%         2    None
w - Tukima's Dance        Hex            ######..     1%          3    None
z - Confusing Touch       Hex            ######       1%          1    None

Your spell library contained the following spells:

 Spells                   Type           Power        Failure   Level  Hunger
 Animate Skeleton         Necr           N/A          1%          1    None
 Freeze                   Ice            #...         9%          1    None
 Magic Dart               Conj           #...         9%          1    None
 Summon Small Mammal      Summ           #...         9%          1    None
 Slow                     Hex            ######..     1%          2    None
 Fulminant Prism          Conj/Hex       ####......   9%          4    ###....
 Darkness                 Hex            ######....   12%         6    ######.
 Call Imp                 Summ           #.......     13%         2    None
 Poisonous Vapours        Pois/Air       #.....       13%         2    None
 Searing Ray              Conj           #.....       13%         2    None
 Throw Frost              Conj/Ice       #.....       13%         2    None
 Ignite Poison            Fire/Tmut/Pois #.......     26%         3    None
 Ozocubu's Armour         Chrm/Ice       #.......     26%         3    None
 Force Lance              Conj/Tloc      #.......     65%         4    ###....
 Iskenderun's Mystic Bla  Conj           #.......     65%         4    ###....
 Summon Ice Beast         Ice/Summ       #.......     65%         4    ###....
 Throw Icicle             Conj/Ice       #.......     65%         4    ###....
 Fireball                 Conj/Fire      #.........   94%         5    #####..
 Bolt of Fire             Conj/Fire      #.........   100%        6    ######.
 Freezing Cloud           Conj/Ice/Air   #.........   100%        6    ######.
 Shadow Creatures         Summ           N/A          100%        6    ######.
 Ring of Flames           Chrm/Fire      #.........   100%        7    #######
 Ignition                 Fire           #.........   100%        8    #######


Dungeon Overview and Level Annotations

Branches:
Dungeon (15/15)            Temple (0/1) D:5            Lair (6/6) D:8
 Shoals (4/4) Lair:4       Spider (4/4) Lair:3        Slime (0/5) Lair:5
    Orc (2/2) D:11            Elf (0/3) Orc:2        Vaults (0/5) D:13
 Depths (0/5) D:15

Altars:
Dithmenos
Fedhas
Kikubaaqudgha
Makhleb
Okawaru
Ru
Trog
Zin
Beogh
Jiyva

Shops:
D:4 %   D:12 !   Orc:2 ??[(   Shoals:1 ?   Shoals:2 (

Annotations:
D:13 Emodih's ghost, journeyman DrMo
Shoals:4 exclusion: 2 oklob plants
Abyss:1 Rupert


Innate Abilities, Weirdness & Mutations

You are very small and have problems with some larger weapons.
You are too small for most types of armour.
You have supernaturally acute eyesight. (SInv)
You are a herbivore.
You cover ground extremely quickly.
You need to consume almost no food.
You have sharp toenails.
You are partially covered in slimy green scales. (AC +2)
You expend magic power (3 MP) to strengthen your wands.


Message History

You kill the merfolk siren!
Dithmenos accepts your kill.
Your base Fighting skill increases to level 12!
No target in view!
No target in view!
No target in view!
You start resting.
You start resting.
You start resting.
Splash!
You fall into the shallow water.
You start resting.
You start resting.
You start resting.
You start resting.
Splash!
You fall into the shallow water.
V - 7 scrolls of identify {!r} (gained 1)
Your pack is full.
Things that are here:
a +0 spear; a +3 ring of evasion You enter the shallow water.
Marking area around the oklob plant as unsafe for travelling.
Marking area around the oklob plant as unsafe for travelling. 2 oklob plants come into view.
Unknown command.
Found a hardcover book.
Unknown command.
You see here a book of Frost.
You pick up a book of Frost and begin reading...
You add the spells Freeze, Throw Frost, Ozocubu's Armour, Throw Icicle and The oklob plant spits acid at you.
The splash of acid hits you! The acid corrodes you!
You are splashed with acid!
The acid burns!
Casting: Confusing Touch (safe; 1% risk of failure)
Confirm with . or Enter, or press ? or * to list all spells.
Your hands begin to glow red.
Your unstable footing causes you to fumble your attack.
The oklob plant spits acid at you. The splash of acid hits you!
You are splashed with acid!
The acid burns!
* * * LOW HITPOINT WARNING * * *
Your unstable footing causes you to fumble your attack.
Unknown command.
You hit the oklob plant but do no damage.
The oklob plant appears confused.
You claw the oklob plant, but do no damage.
Your unstable footing causes you to fumble your attack.
You hit the oklob plant but do no damage.
You claw the oklob plant, but do no damage.
Your unstable footing causes you to fumble your attack.
The oklob plant spits acid at you. The splash of acid hits you!
You are splashed with acid!
The acid burns!
* * * LOW HITPOINT WARNING * * *
Your unstable footing causes you to fumble your attack.
You catch the helpless oklob plant completely off-guard!
You spit the oklob plant like a pig!!!
You claw the oklob plant, but do no damage.
The oklob plant is almost destroyed.
The oklob plant seems less confused.
The oklob plant spits acid at you. The splash of acid hits you!
* * * LOW HITPOINT WARNING * * *
The acid corrodes you!
You are splashed with acid!
The acid burns!
You die...

≈≈≈≈≈≈≈≈≈≈≈≈
≈≈≈≈≈≈≈≈≈≈≈≈≈
≈≈≈≈≈≈≈≈≈≈≈≈≈≈≈≈≈≈
≈≈≈≈≈≈≈≈≈≈≈≈≈≈≈≈≈≈
≈≈≈≈≈≈≈≈≈≈≈≈≈≈≈≈≈≈
≈≈...≈≈≈≈≈≈≈≈≈≈≈≈
≈≈...≈≈≈≈≈≈≈≈≈≈≈
≈≈...≈(≈≈≈≈≈≈######
≈≈).≈≈≈≈≈≈≈≈##≈≈@P##
≈≈≈≈≈≈≈≈≈≈≈≈≈≈≈≈≈≈≈#
≈≈≈≈≈≈≈≈≈≈≈≈P≈≈≈≈≈≈#
≈≈≈≈≈≈≈≈≈≈≈≈P≈≈≈≈≈≈#
≈≈≈≈≈≈≈≈≈≈≈≈##≈≈≈P##
(≈≈≈≈≈≈≈≈≈≈≈≈######
≈≈≈≈≈≈≈≈≈≈≈≈≈≈≈
).≈≈≈≈(≈≈≈≈≈≈≈≈≈
..≈≈≈≈≈≈≈≈≈≈≈≈≈#


You could see 2 oklob plants.

Vanquished Creatures
  Nikola (Shoals:4)
  Asterion (Spider:3)
  A kraken (Shoals:2)
  Agnes (D:15)
  Frances (D:12)
  The ghost of Zontap the Thaumaturge, an adept GnFE of Uskayaw (D:14)
  Kirke (Shoals:2)
  Roxanne (Spider:3)
  5 emperor scorpions (Spider:4)
  An orc warlord (Orc:2)
  4 ghost moths (Spider:4)
  2 entropy weavers (Spider:3)
  Nessos (Lair:4)
  3 spark wasps (Spider:4)
  The ghost of Yceypur the Fighter, a journeyman DrBe of Trog (D:13)
  4 merfolk javelineers (Shoals:4)
  The ghost of Ulleu the Covert, a journeyman OpWn of Gozag (D:13)
  A yaktaur captain (D:15)
  A vault guard (D:13)
  Harold (Orc:1)
  8 merfolk impalers
  A rakshasa (D:15)
  6 hydras
  2 centaur warriors (D:15)
  4 merfolk avatars
  Erica (D:8)
  A satyr (Shoals:3)
  2 merfolk aquamancers
  4 death scarabs (Spider:4)
  4 two-headed ogres
  An orc high priest (Orc:2)
  Sonja (D:12)
  A fire crab (Lair:1)
  3 sea snakes
  2 unseen horrors
  3 orc knights
  5 harpies
  Pikel (D:8)
  3 wolf spider zombies (Spider:4)
  5 lindwurms
  21 wolf spiders
  9 orb spiders
  3 deep elf magi
  20 fauns
  18 ugly things
  3 orc sorcerers
  12 manticores
  8 cyclopes
  2 moths of wrath (Spider:4)
  7 elephants (Lair:5)
  5 water nymphs
  Joseph (D:8)
  Maurice (D:12)
  An elephant (shapeshifter) (D:15)
  11 merfolk sirens
  4 black mambas
  2 ice statues (IceCv)
  2 molten gargoyles (Volcano)
  A smoke demon (Volcano)
  6 centaur skeletons
  23 spiny frogs
  2 rime drakes
  2 gargoyles
  4 efreet (D:13)
  A freezing wraith (D:14)
  2 redback zombies (Spider:4)
  5 komodo dragons
  5 spectral redbacks (Spider:4)
  A kobold demonologist (D:13)
  9 demonic crawlers
  2 ice devils (Lair:5)
  6 trolls
  3 tengu conjurers
  3 meliai (D:15)
  4 hornets
  30 jumping spiders
  12 wind drakes
  A queen bee (Spider:3)
  A polar bear (Lair:3)
  5 tyrant leeches (Lair:6)
  20 blink frogs
  A dancing weapon (Orc:2)
  28 merfolk
  10 hippogriffs
  5 spectral jumping spiders (Spider:4)
  2 spectral tarantellas (Spider:4)
  A jumping spider zombie (Spider:4)
  12 snapping turtles
  14 dream sheep
  A tarantella zombie (Spider:4)
  57 redbacks
  A spriggan (Lair:3)
  2 shadows
  27 tarantellas
  3 wyverns
  A vampire (D:15)
  A wraith (D:14)
  2 humans
  A basilisk (Lair:4)
  6 fire bats
  10 water elementals
  4 hogs (Shoals:2)
  23 yaks
  13 vampire mosquitoes
  4 hungry ghosts
  4 acid dragons
  14 water moccasins
  2 hell hounds (Volcano)
  4 wargs (Orc:2)
  25 orc warriors
  7 porcupines
  3 spectral hornets (Spider:4)
  11 ice beasts
  A sky beast (D:11)
  2 black bears
  3 slaves (D:8)
  An eye of draining (D:13)
  2 phantoms
  A necrophage (D:14)
  7 ogres
  31 wolves
  20 centaurs
  4 big kobolds
  24 crocodiles
  27 bullfrogs
  A hornet simulacrum (D:14)
  8 scorpions
  24 killer bees
  A wyvern skeleton (D:12)
  3 wights (D:12)
  6 howler monkeys
  5 electric eels
  4 lava snakes (Volcano)
  8 crimson imps
  2 quasits
  2 bullfrog zombies
  5 centaur zombies
  3 hounds
  4 jellies
  18 orc priests
  25 orc wizards
  Jessica (D:3)
  2 iguanas (D:10)
  10 worker ants
  A worker ant zombie (D:11)
  A howler monkey skeleton (D:10)
  14 gnolls
  14 adders
  3 shadow imps
  12 white imps (Lair:4)
  7 worms
  2 leopard geckos
  93 orcs
  7 bats
  7 giant cockroaches
  12 goblins
  18 hobgoblins
  5 jackals (Sewer)
  2 quokkas
  6 ball pythons
  8 frilled lizards
  35 kobolds
  2 leopard gecko skeletons
  5 rats
  A plant (Sewer)
1178 creatures vanquished.

Vanquished Creatures (collateral kills)
  A death scarab (Spider:4)
  A merfolk avatar (Shoals:2)
  A two-headed ogre (Orc:1)
  An ice statue (IceCv)
  A tarantella zombie (Spider:4)
  5 orcs
10 creatures vanquished.

Vanquished Creatures (others)
  A satyr (Shoals:4)
  3 death scarabs (Spider:4)
  A faun (Shoals:3)
  A dancing weapon (Spider:3)
  A merfolk (Shoals:3)
  A slave (D:8)
  A centaur (Shoals:4)
  A kobold (D:8)
  A bush (D:15)
  8 fungi
  39 plants
  4 tentacles (Shoals:4)
62 creatures vanquished.

Grand Total: 1250 creatures vanquished

Notes
Turn   | Place    | Note
-------+----------+-------------------------------------------
     0 | D:1      | Amnesiac the Spriggan Enchanter began the quest for the
                  | Orb.
     0 | D:1      | Reached XP level 1. HP: 9/9 MP: 5/5
   243 | D:1      | Reached XP level 2. HP: 13/13 MP: 3/6
   247 | D:1      | Learned a level 2 spell: Ensorcelled Hibernation
   364 | D:4      | Found a transporter.
   428 | D:4      | Found a glowing silver altar of Zin.
   431 | D:4      | Found an ancient bone altar of Kikubaaqudgha.
   434 | D:4      | Found a shadowy altar of Dithmenos.
   437 | D:4      | Found a burning altar of Makhleb.
   443 | D:4      | Became a worshipper of Dithmenos the Shadowed
   511 | D:4      | Reached skill level 5 in Stealth
   511 | D:4      | Reached XP level 3. HP: 16/16 MP: 5/8
   692 | D:4      | Noticed a fire bat
   715 | D:4      | Found a transporter.
   732 | D:4      | Found Deilir's Food Shop.
   745 | D:4      | Found a glowing drain.
   759 | D:4      | Reached XP level 4. HP: 19/21 MP: 0/10
   768 | D:4      | Learned a level 3 spell: Confuse
   777 | Sewer    | Entered a sewer
  1428 | Sewer    | Reached skill level 6 in Stealth
  1897 | D:4      | Learned a level 3 spell: Tukima's Dance
  2027 | D:3      | Reached XP level 5. HP: 18/24 MP: 11/11
  2080 | D:3      | Reached * piety under Dithmenos
  3296 | D:3      | Noticed Jessica
  3363 | D:3      | Reached ** piety under Dithmenos
  3409 | D:3      | Killed Jessica
  3409 | D:3      | Reached skill level 1 in Fighting
  3409 | D:3      | Reached skill level 7 in Stealth
  3499 | D:3      | Reached XP level 6. HP: 28/30 MP: 3/12
  3745 | D:4      | Reached skill level 8 in Stealth
  3982 | D:4      | Killed a fire bat
  4043 | D:5      | Entered Level 5 of the Dungeon
  4133 | D:5      | Found a staircase to the Ecumenical Temple.
  4237 | D:5      | Reached skill level 5 in Spellcasting
  4237 | D:5      | Reached XP level 7. HP: 33/33 MP: 5/15
  4284 | D:5      | Reached skill level 5 in Hexes
  4946 | D:5      | Learned a level 3 spell: Dazzling Spray
  5199 | D:6      | Found a sacrificial altar of Ru.
  5591 | D:7      | Reached XP level 8. HP: 37/37 MP: 2/20
  5785 | D:7      | Found the +2 pair of boots of the Assassin {Detection Stab+
                  | Stlth++}
  5823 | D:7      | Reached *** piety under Dithmenos
  6148 | D:8      | Noticed a cyclops
  6181 | D:8      | Killed a cyclops
  6181 | D:8      | Reached skill level 10 in Hexes
  6181 | D:8      | Reached XP level 9. HP: 22/41 MP: 13/21
  6231 | D:8      | Noticed Joseph
  6296 | D:8      | Found a staircase to the Lair.
  6367 | D:8      | Reached skill level 1 in Shields
  6404 | D:8      | Killed Joseph
  6457 | D:8      | Reached skill level 5 in Dodging
  6544 | D:8      | Noticed Erica
  6562 | D:8      | Killed Erica
  6748 | D:8      | Found a blossoming altar of Fedhas.
  6756 | D:8      | Noticed Pikel
  6802 | D:8      | Killed Pikel
  6802 | D:8      | Reached XP level 10. HP: 49/49 MP: 16/22
  7262 | D:9      | Reached **** piety under Dithmenos
  7657 | D:10     | Entered Level 10 of the Dungeon
  7691 | D:10     | Noticed a two-headed ogre
  7700 | D:10     | Killed a two-headed ogre
  7926 | D:10     | Reached skill level 5 in Shields
  8222 | D:10     | Reached skill level 10 in Dodging
  8949 | D:10     | Reached XP level 11. HP: 53/53 MP: 24/24
  9055 | D:11     | Learned a level 3 spell: Mephitic Cloud
  9058 | D:11     | Learned a level 2 spell: Blink
  9062 | D:11     | Learned a level 3 spell: Conjure Flame
  9358 | D:11     | Found a staircase to the Orcish Mines.
  9391 | D:11     | Reached ***** piety under Dithmenos
 10081 | Orc:1    | Entered Level 1 of the Orcish Mines
 10088 | Orc:1    | Noticed Harold
 10122 | Orc:1    | Noticed a two-headed ogre
 10144 | Orc:1    | Killed a two-headed ogre
 10153 | Orc:1    | Killed Harold
 10401 | Orc:2    | Entered Level 2 of the Orcish Mines
 10401 | Orc:2    | Found a roughly hewn altar of Beogh.
 10437 | Orc:2    | Noticed a two-headed ogre
 10445 | Orc:2    | Killed a two-headed ogre
 10455 | Orc:2    | Found a staircase to the Elven Halls.
 10471 | Orc:2    | Noticed an orc sorcerer
 10480 | Orc:2    | Killed an orc sorcerer
 10587 | Orc:2    | Found a roughly hewn altar of Beogh.
 10689 | Orc:2    | Found a roughly hewn altar of Beogh.
 11105 | Orc:2    | Found a bloodstained altar of Trog.
 11291 | Orc:2    | Found a roughly hewn altar of Beogh.
 11387 | Orc:2    | Found a roughly hewn altar of Beogh.
 11398 | Orc:2    | Noticed an orc sorcerer
 11404 | Orc:2    | Killed an orc sorcerer
 11412 | Orc:2    | Found Xygosef's Magic Scroll Emporium.
 11459 | Orc:2    | Found a roughly hewn altar of Beogh.
 11460 | Orc:2    | Found Jilof's Magic Scroll Emporium.
 11500 | Orc:2    | Reached skill level 9 in Stealth
 11513 | Orc:2    | Bought a scroll of teleportation for 48 gold pieces
 11642 | Orc:2    | Found a roughly hewn altar of Beogh.
 11706 | Orc:2    | Found a roughly hewn altar of Beogh.
 11728 | Orc:2    | Reached skill level 5 in Short Blades
 11994 | Orc:2    | Noticed an orc high priest
 12209 | Orc:2    | Noticed an orc warlord
 12282 | Orc:2    | Killed an orc high priest
 12282 | Orc:2    | Reached skill level 10 in Stealth
 12409 | Orc:2    | Found a roughly hewn altar of Beogh.
 12409 | Orc:2    | Found Seammawi's Antique Weapon Shoppe.
 12617 | Orc:2    | Killed an orc warlord
 12617 | Orc:2    | Reached XP level 12. HP: 39/58 MP: 4/25
 12640 | Orc:2    | Found Routs's Antique Armour Emporium.
 12704 | Orc:2    | Bought a scroll of enchant armour for 112 gold pieces
 12704 | Orc:2    | Bought a scroll of summoning for 142 gold pieces
 12704 | Orc:2    | Bought 2 scrolls of enchant weapon for 225 gold pieces
 12704 | Orc:2    | Bought a scroll of enchant weapon for 112 gold pieces
 12752 | Orc:2    | Bought a scroll of enchant armour for 120 gold pieces
 12752 | Orc:2    | Bought a scroll of enchant armour for 120 gold pieces
 12752 | Orc:2    | Bought a scroll of blinking for 120 gold pieces
 12752 | Orc:2    | Bought a scroll of fear for 56 gold pieces
 12904 | D:12     | Reached skill level 11 in Stealth
 12952 | D:12     | Noticed Sonja
 12959 | D:12     | Killed Sonja
 12992 | D:12     | Noticed Maurice
 12999 | D:12     | Killed Maurice
 13050 | D:12     | Found Vaebbax's Distillery.
 13070 | D:12     | Bought a potion of flight for 36 gold pieces
 13070 | D:12     | Bought a potion of ambrosia for 96 gold pieces
 13109 | D:12     | Reached ****** piety under Dithmenos
 13127 | D:12     | Found a flagged portal.
 13161 | Bailey   | Entered a bailey
 13478 | Bailey   | Reached skill level 12 in Stealth
 14288 | D:12     | Noticed Frances
 14299 | D:12     | Killed Frances
 14299 | D:12     | Reached skill level 5 in Fighting
 14299 | D:12     | Reached skill level 13 in Stealth
 14777 | D:13     | Reached XP level 13. HP: 65/65 MP: 26/26
 14850 | D:13     | Reached skill level 14 in Stealth
 14923 | D:13     | Found a runed gate.
 14923 | D:13     | Found a runed gate.
 14923 | D:13     | Found a runed gate.
 14925 | D:13     | Noticed Emodih's ghost (journeyman DrMo)
 14938 | D:13     | Noticed Zontap's ghost (adept GnFE)
 14944 | D:13     | Noticed Yceypur's ghost (journeyman DrBe)
 14945 | D:13     | Noticed Ulleu's ghost (journeyman OpWn)
 15008 | D:14     | Found a sacrificial altar of Ru.
 15071 | D:14     | Reached skill level 10 in Short Blades
 16067 | D:14     | Reached skill level 15 in Stealth
 16418 | D:15     | Entered Level 15 of the Dungeon
 16500 | D:15     | Noticed Rupert
 16747 | D:15     | Gained mutation: You have a pair of small horns on your
                  | head. [potion of mutation]
 16747 | D:15     | Gained mutation: Your muscles are strong. (Str +2) [potion
                  | of mutation]
 16747 | D:15     | Gained mutation: Your flesh is heat resistant. (rF+)
                  | [potion of mutation]
 16747 | D:15     | Gained mutation: You have a pair of horns on your head.
                  | [potion of mutation]
 16784 | D:15     | Noticed Agnes
 16792 | D:15     | Killed Agnes
 16799 | D:15     | Reached skill level 10 in Fighting
 16922 | D:15     | Found a staircase to the Depths.
 16928 | D:15     | Reached XP level 14. HP: 68/77 MP: 17/27
 16954 | D:15     | Reached skill level 17 in Stealth
 16954 | D:15     | Reached XP level 15. HP: 75/80 MP: 18/28
 17056 | D:15     | Banished Rupert
 17056 | D:15     | Reached skill level 18 in Stealth
 17358 | D:15     | Reached skill level 19 in Stealth
 17444 | D:15     | Found an iron altar of Okawaru.
 17631 | D:14     | Killed Zontap's ghost
 17751 | D:13     | Found a gate to the Vaults.
 17757 | D:13     | Reached skill level 20 in Stealth
 17925 | D:13     | Killed Ulleu's ghost
 17943 | D:13     | Killed Yceypur's ghost
 18251 | Lair:1   | Entered Level 1 of the Lair of Beasts
 18477 | Lair:2   | Identified 3 scrolls of acquirement {!r}
 18482 | Lair:2   | Got a transparent demon whip
 18483 | Lair:2   | Identified the +8 demon whip of Conscience {freeze, -Tele
                  | Str+5 Int+2} (You acquired it on level 2 of the Lair of
                  | Beasts)
 18489 | Lair:2   | Reached skill level 21 in Stealth
 18886 | Lair:3   | Found a dark tunnel.
 18903 | Volcano  | Entered a volcano
 19067 | Volcano  | Found a radiant altar of Vehumet.
 19371 | Lair:3   | Lost mutation: You have a pair of horns on your head.
                  | [potion of mutation]
 19371 | Lair:3   | Lost mutation: Your flesh is heat resistant. (rF+) [potion
                  | of mutation]
 19371 | Lair:3   | Lost mutation: Your muscles are strong. (Str +2) [potion of
                  | mutation]
 19371 | Lair:3   | Gained mutation: You occasionally shout uncontrollably at
                  | your foes. [potion of mutation]
 19371 | Lair:3   | Gained mutation: You are somewhat resistant to further
                  | mutation. [potion of mutation]
 19371 | Lair:3   | Gained mutation: You are covered in fur. (AC +1) [potion of
                  | mutation]
 19372 | Lair:3   | Lost mutation: You are somewhat resistant to further
                  | mutation. [potion of mutation]
 19372 | Lair:3   | Lost mutation: You have a pair of small horns on your head.
                  | [potion of mutation]
 19372 | Lair:3   | Gained mutation: Armour fits poorly on your strangely
                  | shaped body. [potion of mutation]
 19372 | Lair:3   | Gained mutation: Your muscles are strong. (Str +2) [potion
                  | of mutation]
 19373 | Lair:3   | Lost mutation: Armour fits poorly on your strangely shaped
                  | body. [potion of mutation]
 19373 | Lair:3   | Lost mutation: You occasionally shout uncontrollably at
                  | your foes. [potion of mutation]
 19373 | Lair:3   | Lost mutation: Your muscles are strong. (Str +2) [potion of
                  | mutation]
 19373 | Lair:3   | Lost mutation: You are covered in fur. (AC +1) [potion of
                  | mutation]
 19373 | Lair:3   | Gained mutation: You are partially covered in slimy green
                  | scales. (AC +2) [potion of mutation]
 19373 | Lair:3   | Gained mutation: You expend magic power (3 MP) to
                  | strengthen your wands. [potion of mutation]
 19373 | Lair:3   | Gained mutation: You have sharp toenails. [potion of
                  | mutation]
 19545 | Lair:3   | Reached skill level 22 in Stealth
 19615 | Lair:3   | Found a hole to the Spider Nest.
 19963 | Lair:4   | Found a frozen archway.
 20122 | Lair:4   | Noticed Nessos
 20152 | Lair:4   | Killed Nessos
 20541 | Lair:4   | Found a staircase to the Shoals.
 20614 | Lair:5   | Found a viscous altar of Jiyva.
 20616 | Lair:5   | Found a staircase to the Slime Pits.
 20796 | Lair:5   | Found a frozen archway.
 20807 | IceCv    | Identified a paperback manual
 20807 | IceCv    | Entered an ice cave
 20826 | IceCv    | Reached skill level 23 in Stealth
 21496 | Lair:6   | Entered Level 6 of the Lair of Beasts
 21528 | Lair:6   | Reached XP level 16. HP: 85/85 MP: 13/29
 22811 | Lair:2   | Reached skill level 24 in Stealth
 23667 | Spider:1 | Entered Level 1 of the Spider Nest
 24524 | Lair:6   | Reached skill level 25 in Stealth
 24857 | Lair:6   | Reached skill level 1 in Evocations
 25007 | Lair:6   | Reached skill level 1 in Invocations
 25219 | Lair:6   | Got a scorched lapis lazuli ring
 25224 | Lair:6   | Learned a level 1 spell: Confusing Touch
 25981 | Spider:1 | Identified the ring of Zeranaip {*Tele rElec rN+++ Dex+5}
                  | (You found it on level 6 of the Lair of Beasts)
 26278 | Spider:1 | Reached skill level 5 in Evocations
 26412 | Spider:1 | You fall through a shaft!
 27129 | Spider:2 | Reached skill level 5 in Invocations
 27917 | Spider:4 | Entered Level 4 of the Spider Nest
 27933 | Spider:4 | Got a brightly glowing cloak
 28050 | Spider:3 | Identified the +0 cloak of Agoraphobia {*Corrode Str+3
                  | Int+3 Slay+5} (You found it on level 4 of the Spider Nest)
 28447 | Spider:3 | Noticed Asterion
 28914 | Spider:4 | Reached XP level 17. HP: 89/89 MP: 22/30
 29381 | Spider:4 | Reached skill level 1 in Necromancy
 29889 | Spider:4 | Reached skill level 5 in Necromancy
 29909 | Spider:4 | Reached skill level 10 in Invocations
 30667 | Spider:4 | Got a gossamer rune of Zot
 30775 | Spider:4 | Learned a level 1 spell: Apportation
 30781 | Spider:4 | Learned a level 5 spell: Borgnjor's Vile Clutch
 30787 | Spider:4 | Learned a level 5 spell: Silence
 31213 | Spider:3 | Killed Asterion
 31570 | Spider:3 | HP: 4/89 [redback (12)]
 31946 | Spider:3 | Noticed Roxanne
 32187 | Spider:3 | Killed Roxanne
 32523 | Shoals:1 | Entered Level 1 of the Shoals
 33446 | Shoals:1 | Found Keogyh's Magic Scroll Boutique.
 33454 | Shoals:1 | Bought a scroll of blinking for 112 gold pieces
 33454 | Shoals:1 | Bought a scroll of enchant armour for 112 gold pieces
 33798 | Shoals:2 | Noticed Kirke
 33829 | Shoals:2 | Killed Kirke
 34251 | Shoals:2 | Noticed a kraken
 34260 | Shoals:2 | Killed a kraken
 34317 | Shoals:2 | Reached XP level 18. HP: 62/95 MP: 19/31
 34677 | Shoals:2 | Found Nuacefac's Antique Weapon Boutique.
 36380 | Shoals:3 | Reached skill level 10 in Necromancy
 36749 | Shoals:4 | Entered Level 4 of the Shoals
 36928 | Shoals:4 | Noticed Nikola
 36992 | Shoals:4 | Killed Nikola
 37537 | Shoals:4 | Splashed by an oklob plant's acid

Vault maps used:
D:1:      dpeg_arrival_boxorama, serial_forest, infiniplex_forest_end_2,
          infiniplex_forest_corner_2, infiniplex_forest_straight_2,
          infiniplex_forest_end_3, infiniplex_forest_clump_cross,
          minmay_heptomino_w4
D:3:      serial_park_tiny_pond, dk_vineyard_3, uniq_jessica
D:4:      gammafunk_cloud_chamber, grunt_temple_overflow_cloverleaf,
          first_ration, gup_sewer_entry_glass, serial_shops, nicolae_shop_stone,
          minivault_26
D:5:      minmay_temple_entry_grid, minmay_misc_feat_columns, minivault_4,
          minmay_tree_intersection
D:6:      nicolae_overflow_crystal_walls
D:8:      lemuel_round_altar, lair_entry_dummy, uniq_erica, uniq_joseph,
          uniq_pikel
D:9:      grunt_pizzeria
D:11:     orc_0_dummy
D:12:     serial_shops, shop, enter_bailey_3, minmay_lindwurm_lava,
          uniq_maurice, uniq_frances, uniq_sonja
D:13:     david_vaults_5, gammafunk_ghost_cemetery
D:14:     minmay_misc_feat_enclosed, nicolae_ru_the_path_less_chosen
D:15:     grunt_enter_depths_snipers, serial_park_square2, minivault_10,
          okawaru_ov_weapons_minmay, uniq_rupert, uniq_agnes
Lair:1:   serial_bayou_shore_a, lemuel_fruit_tree, infiniplex_staircase_pool
Lair:2:   beast_lair_carwin_1
Lair:3:   spider_nest_entry_webs, nicolae_volcano_entry_batcave,
          grunt_forest_stairs_clearing
Lair:4:   elwin_shoals_entry_stream, portal_ice_cave_entry_imps,
          serial_bayou_shore_b, uniq_nessos
Lair:5:   slime_altar_1, portal_ice_cave_demonic_guard, grunt_megastairs_2,
          lemuel_fruit_fields
Lair:6:   minmay_lair_end_frog_pond, serial_bayou_crossing
Shoals:1: serial_shops, shop_statue
Shoals:2: serial_shops, nicolae_shop_statue_plus, uniq_kirke
Shoals:3: argonaut_golden_fleece
Shoals:4: shoals_end_hangedman, nicolae_shoals_this_corrosion, uniq_nikola
Spider:3: hive_lemuel, uniq_asterion, uniq_roxanne
Spider:4: floodkiller_spider_rune_tomb
Orc:1:    serial_shops, nicolae_shop_competitors_out_of_business, uniq_harold
Orc:2:    grunt_orc_community_town_hall, grunt_orc_community_big_house_2,
          grunt_orc_community_big_house_1, grunt_orc_community_house_2,
          grunt_orc_community_house_3, grunt_orc_community_house_2,
          grunt_orc_community_house_3, basic_altar, hangedman_feature_mirror,
          mines2_david
Sewer:    sewer_co_scattered_pipes
Bailey:   bailey_axe_2, bailey
IceCv:    ice_cave_statue_garden_chambered
Volcano:  volcano_lake

Skill      XL: |  1  2  3  4  5  6  7  8  9 10 11 12 13 14 15 16 17 18 |
---------------+-------------------------------------------------------+-----
Spellcasting   | 3 5 7 8 |  8.0
Short Blades   | 2 3 4 6 9 10 | 10.0
Stealth        | 5 6 7 8 10 13 15 17 23 25 | 25.0
Hexes          | 4 6 10 11 12 | 12.0
Fighting       | 1 3 4 5 10 12 | 12.0
Shields        | 3 6 7 |  7.2
Dodging        | 7 10 12 14 | 14.1
Evocations     | 8 |  8.0
Invocations    | 7 12 | 12.0
Necromancy     | 8 10 | 10.0

Action                   |  1- 3 |  4- 6 |  7- 9 | 10-12 | 13-15 | 16-18 || total
-------------------------+-------+-------+-------+-------+-------+-------++-------
Melee: Dagger            |    46 |   725 |   232 |   758 |   639 |  1380 ||  3780
       Kick              |       |       |       |       |    46 |   302 ||   348
       Headbutt          |       |       |       |       |    45 |       ||    45
 Cast: Corona            |    10 |       |       |       |       |       ||    10
       Ensorcelled Hiber |     7 |    15 |    34 |   128 |   124 |   231 ||   539
       Confuse           |       |     9 |    26 |    80 |    91 |    46 ||   252
       Dazzling Spray    |       |       |     2 |    31 |    56 |   167 ||   256
       Tukima's Dance    |       |       |     1 |     9 |     4 |     5 ||    19
       Mephitic Cloud    |       |       |       |     1 |       |       ||     1
       Blink             |       |       |       |       |       |     4 ||     4
       Confusing Touch   |       |       |       |       |       |    39 ||    39
Invok: Shadow Step       |       |       |       |       |     2 |     2 ||     4
       Shadow Form       |       |       |       |       |       |     5 ||     5
Evoke: Wand              |       |       |     1 |       |     4 |    14 ||    19
       Lightning rod     |       |       |       |       |       |     3 ||     3
       Sack of spiders   |       |       |       |       |       |     2 ||     2
  Use: Scroll            |       |     7 |     9 |     6 |    11 |     6 ||    39
       Potion            |       |     5 |     1 |     1 |     7 |    12 ||    26
 Stab: Sleeping          |     8 |    18 |    30 |   126 |   158 |   285 ||   625
       Confused          |       |     1 |    16 |    48 |    53 |    59 ||   177
       Invisible         |       |       |       |    11 |     6 |    59 ||    76
       Distracted        |       |       |       |     5 |     4 |    12 ||    21
       Betrayed ally     |       |       |       |       |       |     1 ||     1
       Held in net/web   |       |       |       |       |       |     1 ||     1
  Eat: Ration            |       |     3 |     3 |     4 |     4 |     7 ||    21
Armor: Robe              |     4 |    29 |     8 |    23 |    20 |   125 ||   209
Dodge: Dodged            |    53 |   233 |   108 |   542 |   352 |   931 ||  2219
Block: Buckler           |       |       |     4 |   263 |   232 |   726 ||  1225
       Reflection        |       |       |       |       |     7 |    46 ||    53

Table legend:
 A = Non-vault XP
 B = Vault XP
 C = Vault XP percentage of total XP
 D = Non-vault monster count
 E = Vault monster count
 F = Vault count percentage of total count
                 A         B        C        D         E       F
            +---------+---------+-------+---------+---------+-------
      Total |  187274 |  110946 |  37.2 |     792 |     396 |  33.3
            +---------+---------+-------+---------+---------+-------
        D:1 |      15 |      14 |  48.3 |      10 |       8 |  44.4
        D:2 |      64 |       0 |   0.0 |      21 |       0 |   0.0
        D:3 |     129 |      37 |  22.3 |      13 |       1 |   7.1
        D:4 |     115 |     246 |  68.1 |       9 |       5 |  35.7
        D:5 |     225 |       0 |   0.0 |      12 |       0 |   0.0
        D:6 |     250 |       0 |   0.0 |       5 |       0 |   0.0
        D:7 |    1203 |       0 |   0.0 |      30 |       0 |   0.0
        D:8 |    1456 |    1995 |  57.8 |      23 |       3 |  11.5
        D:9 |     157 |     214 |  57.7 |       8 |       1 |  11.1
       D:10 |    4912 |       0 |   0.0 |      42 |       0 |   0.0
       D:11 |    1695 |       0 |   0.0 |      15 |       0 |   0.0
       D:12 |    4224 |    5887 |  58.2 |      51 |      11 |  17.7
       D:13 |    6188 |    7329 |  54.2 |      30 |      13 |  30.2
       D:14 |   11008 |    1975 |  15.2 |      48 |       1 |   2.0
       D:15 |   17336 |    6748 |  28.0 |      45 |       5 |  10.0
     Lair:1 |    5756 |       0 |   0.0 |      17 |       0 |   0.0
     Lair:2 |    4606 |    1131 |  19.7 |      23 |       7 |  23.3
     Lair:3 |    5288 |    2002 |  27.5 |      32 |      11 |  25.6
     Lair:4 |    5173 |    2980 |  36.6 |      23 |      17 |  42.5
     Lair:5 |    7112 |    1165 |  14.1 |      24 |       6 |  20.0
     Lair:6 |    5286 |   13061 |  71.2 |      21 |      49 |  70.0
   Shoals:1 |   14986 |       0 |   0.0 |      32 |       0 |   0.0
   Shoals:2 |   13657 |    2692 |  16.5 |      29 |       5 |  14.7
   Shoals:3 |   22656 |       0 |   0.0 |      46 |       0 |   0.0
   Shoals:4 |    5955 |   10610 |  64.1 |      17 |      14 |  45.2
   Spider:1 |   10083 |       0 |   0.0 |      34 |       0 |   0.0
   Spider:2 |    9528 |       0 |   0.0 |      34 |       0 |   0.0
   Spider:3 |   13720 |    5318 |  27.9 |      42 |      16 |  27.6
   Spider:4 |   10688 |   33849 |  76.0 |      23 |      69 |  75.0
      Orc:1 |    1176 |     588 |  33.3 |      18 |       1 |   5.3
      Orc:2 |    2627 |    5914 |  69.2 |      15 |      76 |  83.5
      Sewer |       0 |      53 | 100.0 |       0 |      18 | 100.0
     Bailey |       0 |     891 | 100.0 |       0 |      34 | 100.0
      IceCv |       0 |    2499 | 100.0 |       0 |      11 | 100.0
    Volcano |       0 |    3748 | 100.0 |       0 |      14 | 100.0
            +---------+---------+-------+---------+---------+-------
